 Dungeon Crawl Stone Soup version 0.28-a0-239-g68911e0c57 (webtiles) character file.

Game seed: 12804186368928382788

55259 Anothat the Stormcaller (level 14, -11/129 HPs)
             Began as a Pale Draconian Air Elementalist on Aug 22, 2021.
             Was an Initiate of Gozag.
             Mangled by a cane toad (19 damage)
             ... on level 6 of the Lair of Beasts on Aug 23, 2021.
             The game lasted 01:04:57 (30261 turns).

Anothat the Stormcaller (DrAE)                     Turns: 30261, Time: 01:04:58

Health: -11/129    AC: 12    Str: 12    XL:     14   Next: 37%
Magic:  18/27      EV: 12    Int: 19    God:    Gozag
Gold:   1592       SH:  0    Dex: 12    Spells: 15/31 levels left

rFire   . . .      SeeInvis +   E - staff of air
rCold   . . .      Faith    .   (no shield)
rNeg    . . .      Spirit   .   (armour unavailable)
rPois   +          Reflect  .   p - +2 hat {SInv}
rElec   +          Harm     .   N - scarf {shadows}
rCorr   .          Rampage  .   (no gloves)
Will    +....                   K - +1 pair of boots
Stlth   ++........              g - amulet of regeneration
HPRegen 1.31/turn               M - ring of poison resistance
MPRegen 0.20/turn               (no ring)

@: very slightly contaminated, slowed, studying Air Magic, invisible, very slow
A: breathe steam, AC +8, unfitting armour, cold-blooded, steam resistance
a: Breathe Steam, Renounce Religion, Potion Petition, Call Merchant, Bribe
Branch


You were on level 6 of the Lair of Beasts.
You worshipped Gozag.
Gozag was most pleased with you.
You visited 3 branches of the dungeon, and saw 17 of its levels.
You also visited: Sewer.

You collected 4385 gold pieces.
You spent 1984 gold pieces at shops.
You paid 809 gold pieces to Gozag.

Inventory:

Hand Weapons
 a - a +0 spear of flaming
 r - a +4 dagger of speed
 y - a +0 hand crossbow
Missiles
 n - 2 throwing nets
Armour
 p - a +2 hat of see invisible (worn)
 K - a +1 pair of boots (worn)
 N - a scarf of shadows (worn)
Magical Staves
 k - a staff of fire
 E - a staff of air (weapon)
Jewellery
 g - an amulet of regeneration (around neck)
 m - a ring of fire
 B - a ring of ice
 G - a ring of ice
 M - a ring of poison resistance (left hand)
Wands
 l - a wand of digging (6)
 D - a wand of flame (22)
 F - a wand of paralysis (4)
 H - a wand of charming (8)
 J - a wand of polymorph (8)
Scrolls
 b - 2 scrolls of amnesia
 v - a scroll of enchant armour
 w - 9 scrolls of teleportation
 C - 6 scrolls of vulnerability
 I - a scroll of brand weapon
 O - a scroll of identify
Potions
 c - a potion of experience {unknown}
 e - a potion of haste
 h - 3 potions of cancellation
 i - 2 potions of degeneration {unknown}
 j - 6 potions of flight
 o - 4 potions of might
 q - 6 potions of resistance
 s - 4 potions of magic
 t - 3 potions of attraction
 u - 5 potions of brilliance
 x - a potion of mutation {unknown}
 z - 3 potions of ambrosia {unknown}
 A - 5 potions of lignification
 L - a potion of curing
 P - a potion of berserk rage {unknown}


   Skills:
 - Level 13.3 Fighting
 - Level 1.7 Dodging
 - Level 1.7 Stealth
 - Level 9.1 Spellcasting
 + Level 10.0 Conjurations
 + Level 18.0 Air Magic
 - Level 8.6 Poison Magic


You had 15 spell levels left.
You knew the following spells:

 Your Spells              Type           Power      Damage    Failure   Level
a - Shock                 Conj/Air       100%       1d9       1%          1
b - Static Discharge      Conj/Air       75%        N/A       1%          2
c - Swiftness             Air            86%        N/A       0%          3
d - Airstrike             Air            43%        N/A       1%          4
e - Poisonous Vapours     Pois/Air       100%       N/A       1%          2
f - Olgreb's Toxic Radia  Pois           41%        N/A       2%          4

Your spell library contained the following spells:

 Spells                   Type           Power      Damage    Failure   Level
 Sting                    Tmut/Pois      100%       1d8       1%          1
 Iskenderun's Battlesphe  Conj           47%        2d10      3%          5
 Spider Form              Tmut/Pois      12%        N/A       4%          3
 Ignite Poison            Fire/Tmut/Pois 19%        N/A       8%          3
 Slow                     Hex            8%         N/A       12%         2
 Sublimation of Blood     Necr           4%         N/A       12%         2
 Wereblood                Tmut           8%         N/A       12%         2
 Confusing Touch          Hex            8%         N/A       24%         3
 Tukima's Dance           Hex            8%         N/A       24%         3
 Vampiric Draining        Necr           4%         2d6       24%         3
 Alistair's Intoxication  Tmut/Pois      16%        N/A       36%         5
 Passage of Golubria      Tloc           N/A        N/A       63%         4
 Iron Shot                Conj/Erth      13%        9d3       85%         6
 Yara's Violent Unravell  Hex/Tmut       4%         3d4       92%         5
 Spellforged Servitor     Conj/Summ      13%        N/A       100%        7
 Summon Hydra             Summ           4%         N/A       100%        7
 Chain Lightning          Conj/Air       37%        3d50      100%        9
 Fire Storm               Conj/Fire      13%        8d4       100%        9


Dungeon Overview and Level Annotations

Branches:
Dungeon (10/15)            Temple (1/1) D:5            Lair (6/6) D:10
 Shoals (0/4) Lair:2        Snake (0/4) Lair:4        Slime (0/5) Lair:6
    Orc (0/2) D:10          Sewer (visited)

Altars:
Ashenzari
Cheibriados
Dithmenos
Elyvilon
Fedhas
Gozag
Hepliaklqana
Kikubaaqudgha
Makhleb
Nemelex Xobeh
Okawaru
Qazlal
Ru
Sif Muna
Trog
Uskayaw
Vehumet
Wu Jian
Xom
Yredelemnul
Zin
The Shining One
Jiyva

Shops:
D:2 !   D:4 *   D:7 *   D:8 [[((?   Lair:3 *


Innate Abilities, Weirdness & Mutations

You can breathe blasts of scalding, opaque steam.
Your pale cyan-grey scales are hard. (AC +8)
You cannot fit into any form of body armour.
You are cold-blooded and may be slowed by cold attacks.
You are immune to the effects of steam.


Message History

The cane toad poisons you!
The eight-headed hydra barely misses you.
The eight-headed hydra bites you. The eight-headed hydra bites you!
The eight-headed hydra closely misses you.
The eight-headed hydra bites you but does no damage. x2
The eight-headed hydra barely misses you.
The eight-headed hydra bites you. The cane toad closely misses you.
The torpor snail bites you!
* * * LOW HITPOINT WARNING * * *
The eight-headed hydra bites you but does no damage.
The eight-headed hydra bites you.
* * * LOW HITPOINT WARNING * * *
The eight-headed hydra bites you.
* * * LOW HITPOINT WARNING * * *
The eight-headed hydra bites you!
* * * LOW HITPOINT WARNING * * *
The eight-headed hydra bites you but does no damage.
The eight-headed hydra bites you.
* * * LOW HITPOINT WARNING * * *
The eight-headed hydra bites you.
* * * LOW HITPOINT WARNING * * *
The eight-headed hydra bites you but does no damage.
Okay, then.
You fade into invisibility!
* * * LOW HITPOINT WARNING * * *
You feel extremely sick. The cane toad closely misses you.
The eight-headed hydra bites you.
* * * LOW HITPOINT WARNING * * *
The eight-headed hydra barely misses you.
The eight-headed hydra bites you.
* * * LOW HITPOINT WARNING * * *
The eight-headed hydra bites you but does no damage. x2
The eight-headed hydra closely misses you.
The eight-headed hydra misses you.
The eight-headed hydra completely misses you.
The cane toad barely misses you. The torpor snail barely misses you.
You are very lightly contaminated with residual magic.
You feel better.
A nearby fungus withers and dies.
The cane toad stings you!!
You die...
Your body crumbles into a pile of gold.

#.....#...P....#*≈≈≈≈≈≈≈≈≈,,,,≈**
.......#P...≈..**≈≈≈≈≈,≈,≈,,,≈≈*
.......##...##**,,.≈≈P..≈..≈...**
.............# *###.......≈....,*
.........#...####.#....#......,**
.........###...........#....##**
.........#*#.................#
...........##...wF..........#*
..........###...@D..........#
..........###...$......##Y.##
......._>.............##.#.#
................$$..$..#####
.......................#***
.........P..............#,*
..............$..........#*
......#....P.#$.......Y..#**
....#......###.$...........**


You could see an eight-headed hydra, a torpor snail and a cane toad.

Vanquished Creatures
  Gastronok (D:10)
  Snorg (Lair:4)
  Fannar (D:10)
  6 hydras
  A centaur warrior (D:9)
  9 death yaks
  A two-headed ogre (D:9)
  Nergalle (D:9)
  An ugly thing (D:9)
  A cyclops (D:9)
  4 oklob plants (Lair:4)
  17 elephants
  3 merfolk sirens (Lair:2)
  3 black mambas
  3 torpor snails
  25 cane toads
  A kobold demonologist (D:9)
  5 komodo dragons
  7 rime drakes
  Psyche (D:9)
  A troll (D:9)
  A merfolk (Lair:2)
  A hornet (D:9)
  A polar bear (Lair:1)
  22 blink frogs
  7 dream sheep
  18 yaks
  5 wyverns
  A vampire (D:9)
  A wraith (D:9)
  A basilisk (Lair:4)
  8 vampire mosquitoes
  An acid dragon (D:9)
  15 water moccasins
  5 orc warriors
  A hornet zombie (D:8)
  2 black bears
  A sky beast (D:7)
  2 necrophages (D:6)
  6 wolves (Lair:5)
  7 centaurs
  19 bullfrogs
  7 kobold brigands
  A wyvern zombie (D:9)
  3 scorpions
  A gnoll sergeant (D:9)
  24 killer bees
  3 electric eels
  5 howler monkeys
  3 bullfrog zombies
  A centaur zombie (D:3)
  A jelly (D:6)
  4 orc priests
  2 centaur skeletons
  A hound (D:4)
  A gnoll shaman (D:6)
  4 iguanas
  3 orc wizards
  7 hell rats (Lair:2)
  A killer bee zombie (D:9)
  8 howler monkey zombies
  8 gnolls
  8 river rats (Sewer)
  9 adders
  An adder skeleton (D:4)
  4 worms
  28 orcs
  15 ball pythons
  5 bats
  4 endoplasms
  4 giant cockroaches
  9 goblins
  7 hobgoblins
  4 jackals (D:3)
  37 kobolds
  5 quokkas
  2 frilled lizards (D:2)
  18 rats
466 creatures vanquished.

Vanquished Creatures (others)
  2 bushes
  38 fungi
  149 plants
189 creatures vanquished.

Grand Total: 655 creatures vanquished

Notes
Turn   | Place    | Note
-------+----------+-------------------------------------------
     0 | D:1      | Anothat the Draconian Air Elementalist began the quest for
                  | the Orb.
     0 | D:1      | Reached XP level 1. HP: 14/14 MP: 3/3
   504 | D:1      | Reached XP level 2. HP: 20/20 MP: 0/5
  1321 | D:2      | Learned a level 2 spell: Static Discharge
  1478 | D:2      | Reached XP level 3. HP: 19/26 MP: 0/6
  1730 | D:2      | Found Wilap's Distillery.
  1739 | D:2      | Bought a potion of curing for 33 gold pieces
  2531 | D:3      | Learned a level 3 spell: Swiftness
  2591 | D:3      | Reached XP level 4. HP: 33/33 MP: 3/8
  3064 | D:3      | Found a shadowy altar of Dithmenos.
  3085 | D:3      | Found a shimmering altar of Xom.
  3085 | D:3      | Found a hide-covered altar of Uskayaw.
  3087 | D:3      | Found a glowing silver altar of Zin.
  3087 | D:3      | Found an iron altar of Okawaru.
  3087 | D:3      | Found a glowing silver altar of Zin.
  3159 | D:3      | Reached skill level 4 in Air Magic
  3195 | D:3      | Reached XP level 5. HP: 37/38 MP: 0/9
  3744 | D:4      | Found Astiasy's Alliterative Accessories.
  3838 | D:4      | Found a glowing golden altar of the Shining One.
  4399 | D:4      | Reached XP level 6. HP: 45/45 MP: 6/11
  4879 | D:5      | Entered Level 5 of the Dungeon
  4891 | D:5      | Found a glowing drain.
  4906 | Sewer    | Entered a sewer
  5144 | Sewer    | Reached skill level 5 in Air Magic
  5611 | Sewer    | Your scales start taking on a pale cyan-grey colour.
  5611 | Sewer    | Reached XP level 7. HP: 50/50 MP: 3/13
  5611 | Sewer    | Gained mutation: You are immune to the effects of steam.
                  | [Pale Draconian growth]
  5788 | Sewer    | Learned a level 4 spell: Airstrike
  5899 | Sewer    | Reached skill level 1 in Fighting
  6031 | Sewer    | Reached skill level 6 in Air Magic
  6497 | D:5      | Reached skill level 5 in Conjurations
  6858 | D:5      | Found a staircase to the Ecumenical Temple.
  6904 | Temple   | Entered the Ecumenical Temple
  7264 | Temple   | Upgraded the game from 0.28-a0-233-gb8ca4b6547 to
                  | 0.28-a0-239-g68911e0c57
  7360 | Temple   | Became a worshipper of Gozag Ym Sagoz the Greedy
  8068 | D:6      | Reached XP level 8. HP: 63/63 MP: 5/14
  8230 | D:6      | Reached skill level 7 in Air Magic
  8570 | D:6      | Found a burning altar of Makhleb.
  9633 | D:7      | Reached skill level 5 in Fighting
  9669 | D:7      | Reached skill level 8 in Air Magic
  9934 | D:7      | Reached XP level 9. HP: 74/74 MP: 1/15
 10201 | D:7      | Found an ancient bone altar of Kikubaaqudgha.
 10291 | D:7      | Found Linwutt's Mass Market.
 10752 | D:8      | Reached skill level 9 in Air Magic
 10935 | D:8      | Found a broken altar of Ashenzari.
 10963 | D:8      | Found Maoxosk's Antique Weapon Emporium.
 11156 | D:8      | Found Raun's Antique Weapon Boutique.
 11185 | D:8      | Found Kiaxky's Magic Scroll Boutique.
 11386 | D:8      | Found Mugir's Antique Armour Boutique.
 11511 | D:8      | Found Guikad's Antique Armour Boutique.
 11535 | D:8      | Learned a level 2 spell: Poisonous Vapours
 11568 | D:8      | Found an ornate altar of the Wu Jian Council.
 11845 | D:8      | Found a glowing silver altar of Zin.
 12054 | D:9      | Noticed a kobold demonologist
 12072 | D:9      | Noticed a soul eater
 12084 | D:9      | Noticed a soul eater
 12097 | D:9      | Killed a kobold demonologist
 12098 | D:9      | Reached skill level 1 in Poison Magic
 12256 | D:9      | Paralysed by a hornet for 1 turns
 12341 | D:9      | Noticed a troll
 12342 | D:9      | Reached XP level 10. HP: 88/88 MP: 13/16
 12668 | D:9      | Found a snail-covered altar of Cheibriados.
 12671 | D:9      | Noticed a two-headed ogre
 12692 | D:9      | Killed a two-headed ogre
 12693 | D:9      | Reached skill level 10 in Air Magic
 12793 | D:9      | Found a blossoming altar of Fedhas.
 12793 | D:9      | Found a radiant altar of Vehumet.
 12826 | D:9      | Identified the +0 kite shield of Medanuv {rElec rF+ rN+
                  | Dex-2}
 13249 | D:9      | Noticed Psyche
 13258 | D:9      | Killed Psyche
 13486 | D:9      | Noticed a brown ugly thing
 13504 | D:9      | Killed a brown ugly thing
 13561 | D:9      | Reached skill level 5 in Poison Magic
 13941 | D:9      | Noticed a cyclops
 13961 | D:9      | Killed a cyclops
 13962 | D:9      | Reached skill level 11 in Air Magic
 14163 | D:9      | Learned a level 4 spell: Olgreb's Toxic Radiance
 14464 | D:9      | Noticed a centaur warrior
 14551 | D:9      | Killed a centaur warrior
 14552 | D:9      | Reached XP level 11. HP: 34/99 MP: 4/17
 14662 | D:10     | Entered Level 10 of the Dungeon
 14662 | D:10     | Noticed Gastronok
 14666 | D:10     | Noticed Nergalle
 14927 | D:10     | Killed Gastronok
 14928 | D:10     | Reached skill level 10 in Fighting
 14980 | D:9      | Killed Nergalle
 15283 | D:10     | Got the Collected Works on Venom
 15306 | D:10     | Found a staircase to the Lair.
 15750 | D:10     | Found a staircase to the Orcish Mines.
 16384 | D:10     | Noticed Fannar
 16438 | D:10     | Killed Fannar
 16439 | D:10     | Reached skill level 12 in Air Magic
 16748 | D:4      | Bought a staff of air for 275 gold pieces
 16751 | D:4      | Bought a scroll of acquirement for 572 gold pieces
 16751 | D:4      | Acquired 530 gold pieces
 16904 | Lair:1   | Entered Level 1 of the Lair of Beasts
 18149 | Lair:2   | Found a broken altar of Ashenzari.
 18410 | Lair:2   | Reached XP level 12. HP: 73/110 MP: 10/18
 18410 | Lair:2   | Found a staircase to the Shoals.
 18960 | Lair:2   | Noticed a five-headed hydra
 18975 | Lair:2   | Killed a five-headed hydra
 19117 | Lair:2   | Reached skill level 13 in Air Magic
 19139 | Lair:2   | Reached skill level 5 in Spellcasting
 20501 | Lair:3   | Noticed a seven-headed hydra
 20508 | Lair:3   | Killed a seven-headed hydra
 21557 | Lair:3   | Identified the +0 ring mail of the Cricket {rCorr}
 21726 | Lair:3   | Bought an embroidered scarf for 224 gold pieces
 21772 | Lair:4   | Reached XP level 13. HP: 89/119 MP: 1/23
 22026 | Lair:4   | Reached skill level 14 in Air Magic
 22090 | Lair:4   | Noticed Snorg
 22136 | Lair:4   | Killed Snorg
 22497 | Lair:4   | Found a staircase to the Snake Pit.
 24490 | D:4      | Bought a manual of Air Magic for 880 gold pieces
 24943 | Lair:5   | Reached skill level 15 in Air Magic
 25589 | Lair:5   | Reached skill level 16 in Air Magic
 27232 | Lair:6   | Entered Level 6 of the Lair of Beasts
 27284 | Lair:6   | Reached XP level 14. HP: 117/129 MP: 6/27
 28028 | Lair:6   | Reached skill level 17 in Air Magic
 29620 | Lair:6   | Found a viscous altar of Jiyva.
 29635 | Lair:6   | Found a staircase to the Slime Pits.
 29791 | Lair:6   | Reached skill level 10 in Conjurations
 29929 | Lair:6   | Reached skill level 18 in Air Magic
 30260 | Lair:6   | HP: 6/129 [poisoned by a cane toad]
 30260 | Lair:6   | HP: 1/129 [eight-headed hydra (4)]
 30261 | Lair:6   | Mangled by a cane toad

Illustrated notes

Levels and vault maps discovered:
D:1:      dpeg_arrival_central, layout_loops_ring, hangedman_decor_lopped,
          minmay_misc_feat_rows
D:2:      layout_loops_ring, serial_shops,
          nicolae_shop_temple_entry_statues_fountains, minmay_split_cup_large
D:3:      layout_basic, doesnt_xom_only_xom, chequers_jeans
D:4:      layout_basic, mainiacjoe_overflow_small_starburst,
          nicolae_alphabet_shops, serial_park_tiny_1
D:5:      layout_loops_ring, minmay_temple_entry_enclosed_plants,
          portal_sewer_entry_f
D:6:      layout_basic, amcnicky_altar_gilded
D:7:      layout_basic, mainiacjoe_overflow_alcove_4,
          chequers_serial_rivers_room_b, hangedman_decor_clover_reticule,
          minmay_shop_mass
D:8:      layout_loops_corners, cheibrodos_ashenzari_chains,
          nicolae_overflow_hidden_temple, nzn_wu_jian_council_hall,
          serial_shops, nicolae_shop_trees, shop, shop, shop, shop,
          ebering_dispersal_statue_hall
D:9:      nzn_winding_woodlands_medium [nzn_winding_woodlands_5x5_checkerboard,
          nzn_winding_woodlands_5x15_longhouse,
          nzn_winding_woodlands_5x5_perimeter,
          nzn_winding_woodlands_5x5_closed_star,
          nzn_winding_woodlands_center_garden, nzn_winding_woodlands_hourglass,
          nzn_winding_woodlands_5x5_default, nzn_winding_woodlands_5x15_crooked,
          nzn_winding_woodlands_5x5_cross], layout_loops_ring,
          mainiacjoe_overflow_chevrons, gammafunk_temple_overflow_elements,
          serial_bayou_lake_a, uniq_psyche
D:10:     layout_basic, lair_entry_dummy, david_orc_2, uniq_fannar,
          uniq_gastronok, uniq_nergalle
Temple:   minmay_temple_forest_path
Lair:1:   layout_regular_city, portal_ice_cave_rime
Lair:2:   layout_cave_pods, elwin_shoals_entry_stream, basic_altar
Lair:3:   layout_loops_ring, nicolae_volcano_entry_two_sided
Lair:4:   layout_hall_layers, dummy_snake_entry, minmay_lair_oklob_chamber,
          uniq_snorg
Lair:5:   layout_cave_pods, serial_bayou_shore_b
Lair:6:   minmay_lair_end_frog_pond, layout_cave_pods, slime_altar_1,
          serial_bayou_shore_b, infiniplex_staircase_pool

Skill      XL: |  1  2  3  4  5  6  7  8  9 10 11 12 13 14 |
---------------+-------------------------------------------+-----
Conjurations   | 2 3 4 5 6 8 10 | 10.0
Spellcasting   | 3 4 6 9 |  9.1
Air Magic      | 4 5 6 8 9 11 12 13 16 18 | 18.0
Fighting       | 3 5 7 9 11 12 13 | 13.3
Poison Magic   | 2 5 8 |  8.6
Dodging        | |  1.7
Stealth        | |  1.7

Action                   |  1- 3 |  4- 6 |  7- 9 | 10-12 | 13-15 || total
-------------------------+-------+-------+-------+-------+-------++-------
Melee: Spear             |    45 |    22 |   174 |   106 |       ||   347
       Unarmed           |     2 |       |       |       |       ||     2
       Tailslap          |     4 |     5 |    17 |    25 |    12 ||    63
       Staff             |       |       |       |    94 |    88 ||   182
 Cast: Shock             |    76 |    99 |   210 |   121 |     5 ||   511
       Static Discharge  |     1 |    23 |    34 |   131 |   129 ||   318
       Swiftness         |       |     1 |       |       |       ||     1
       Airstrike         |       |       |    14 |    54 |   132 ||   200
       Poisonous Vapours |       |       |     2 |    68 |    13 ||    83
       Olgreb's Toxic Ra |       |       |       |     9 |    12 ||    21
Invok: Call Merchant     |       |       |       |     1 |       ||     1
 Abil: Breathe Steam     |       |       |     3 |     2 |     1 ||     6
Evoke: Wand              |       |       |     7 |     3 |    12 ||    22
  Use: Scroll            |       |     7 |     8 |     7 |     5 ||    27
       Potion            |       |       |     5 |    10 |     8 ||    23
 Stab: Distracted        |       |       |     1 |     3 |       ||     4
       Sleeping          |       |       |       |     1 |       ||     1
       Paralysed         |       |       |       |       |     2 ||     2
Armor: Skin              |     9 |    24 |   141 |   182 |   126 ||   482
Dodge: Dodged            |    28 |    50 |   236 |   337 |   175 ||   826

Table legend: (Time is in decaauts)
 A = Elapsed time spent in this place.
 B = Non-inter-level travel time spent in this place.
 C = Inter-level travel time spent in this place.
 D = Time resting spent in this place.
 E = Time spent auto-exploring this place.
 F = Levels seen in this place.
 G = Mean time per level.
                   A        B        C        D        E       F      G
               +--------+--------+--------+--------+--------+-----+--------+
         Total |  30511 |  29229 |   1282 |  10799 |  13941 |  18 | 1695.1 |
       Dungeon |  15498 |  14585 |    913 |   3919 |   8194 |  10 | 1549.8 |
        Temple |    514 |    360 |    154 |      0 |    328 |   1 |  514.0 |
          Lair |  13137 |  12923 |    214 |   6190 |   5039 |   6 | 2189.5 |
         Sewer |   1360 |   1360 |      0 |    689 |    380 |   1 | 1360.0 |
               +--------+--------+--------+--------+--------+-----+--------+

Top non-repeatable levels by time:
  Lair:5: 4456 daAuts
     D:9: 3127 daAuts
  Lair:4: 2562 daAuts
  Lair:2: 2349 daAuts
    D:10: 1825 daAuts
     D:6: 1767 daAuts
     D:2: 1421 daAuts
     D:8: 1396 daAuts
   Sewer: 1360 daAuts
  Lair:3: 1316 daAuts
     D:4: 1291 daAuts
  Lair:1: 1289 daAuts
     D:5: 1281 daAuts
  Lair:6: 1162 daAuts
     D:7: 1143 daAuts
